 Dungeon Crawl Stone Soup version 0.18-a0-1628-g61c6396 (webtiles) character file.

35 dohliylev the Sneak (level 3, -2/27 HPs)
             Began as a Vampire Assassin on Mar 25, 2016.
             Slain by an adder (3 damage)
             ... on level 1 of the Dungeon.
             The game lasted 00:02:32 (648 turns).

dohliylev the Sneak (Vampire Assassin)               Turns: 648, Time: 00:02:33

Health: -2/27      AC:  3    Str: 10    XL:     3   Next: 16%
Magic:  3/3        EV:  7    Int: 13    God:
Gold:   42         SH:  0    Dex: 16    Spells: 0 memorised, 2 levels left

rFire  . . .     SeeInvis +     a - +2 dagger
rCold  . . .     Gourm    .     c - +0 robe
rNeg   . . .     Faith    .     (no shield)
rPois  .         Spirit   .     (no helmet)
rElec  .         Dismiss  .     d - +0 cloak
rCorr  .         Reflect  .     (no gloves)
SustAt .         Harm     .     (no boots)
MR     .....                    (no amulet)
Stlth  ++++......               (no ring)
                                (no ring)

@: lethally poisoned (-2 -> -9), regenerating quickly, not resistant to hostile
enchantments, stealthy
A: fangs 3, see invisible, unbreathing
a: no special abilities


You were on level 1 of the Dungeon.
You were very full.

You visited 1 branch of the dungeon, and saw 2 of its levels.

You collected 42 gold pieces.

Inventory:

Hand Weapons
 a - a +2 dagger (weapon)
 b - a +0 blowgun
Missiles
 e - 27 poisoned needles
 f - 2 curare-tipped needles
Armour
 c - a +0 robe (worn)
 d - a +0 cloak (worn)
Scrolls
 i - a scroll of random uselessness {unknown}
 j - a scroll of fear {unknown}
 k - a scroll of fog {unknown}
Potions
 g - a potion of blood
 h - a potion of cure mutation {unknown}


   Skills:
 + Level 1.7 Fighting
 + Level 2.5 Short Blades
 + Level 1.7 Throwing
 + Level 1.3 Dodging
 + Level 7.1 Stealth


You had 2 spell levels left.
You didn't know any spells.

Dungeon Overview and Level Annotations

Branches:
Dungeon (2/15)

Altars:


Innate Abilities, Weirdness & Mutations

Your natural rate of healing is unusually fast.
You have razor-sharp teeth.
You have supernaturally acute eyesight.
You can survive without breathing.


Message History

The adder is moderately wounded.
You feel sick. The bat closely misses you. The adder bites you.
* * * LOW HITPOINT WARNING * * *
You are lethally poisoned!
The adder poisons you! The adder barely misses you.
You barely miss the adder.
The adder is moderately wounded.
* * * LOW HITPOINT WARNING * * *
You feel sick. The bat closely misses you. The adder bites you.
* * * LOW HITPOINT WARNING * * *
The adder misses you.
* * * LOW HITPOINT WARNING * * *
You feel sick. The bat barely misses you. The adder closely misses you. x2
You climb upwards.
* * * LOW HITPOINT WARNING * * *
You feel sick.
There is a stone staircase leading down here.
* * * LOW HITPOINT WARNING * * *
You feel sick. The adder bites you but does no damage. The adder bites you.
You die...

.# #.............# #
.################.....###.# #
............# #....## #.# #
..#########.# #.#.## #.# #
.......# #)# #.#.# #.# ##
#.####.## #.#####.#.# #.# #.
........# #.#.....#.# #.# ##
..####..# #.#.###S#.# #.# #
........# #.#..S@.#.# #.#
..#####.# #.#..##.#.# #.#####
..#####.###.#..##.#.# #.....#
............#..##.#.# #####.#
.............).##.#.#########.###
................)................
...##########################.###
#..# #.# #..# #.#


You could see 2 adders.

Vanquished Creatures
  An adder (D:1)
  2 dart slugs
  A giant gecko (D:1)
  A giant cockroach (D:1)
  2 hobgoblins (D:1)
  A jackal (D:1)
  A quokka (D:2)
  4 bats
  3 giant newts (D:1)
  A goblin (D:1)
  2 kobolds (D:1)
  4 rats
23 creatures vanquished.

Notes
Turn   | Place    | Note
--------------------------------------------------------------
     0 | D:1      | dohliylev the Vampire Assassin began the quest for the Orb.
     0 | D:1      | Reached XP level 1. HP: 16/16 MP: 1/1
    24 | D:1      | Reached skill level 6 in Stealth
   104 | D:1      | Reached XP level 2. HP: 9/22 MP: 2/2
   570 | D:2      | Reached skill level 7 in Stealth
   573 | D:2      | Reached XP level 3. HP: 25/27 MP: 3/3
   648 | D:1      | HP: 1/27 [poisoned by an adder]
   648 | D:1      | Slain by an adder

Vault maps used:
D:1:      mrwooster_arrival_statue_3, minivault_23
D:2:      minmay_misc_feat_hallway, uniq_sigmund

Skill      XL: |  1  2 |
---------------+-------+-----
Stealth        | 6 7 |  7.1
Fighting       | |  1.7
Short Blades   | |  2.5
Throwing       | |  1.7
Dodging        | |  1.3

Action                   || total
-------------------------++-------
Melee: Dagger            ||    61
 Stab: Sleeping          ||    11
  Eat: Corpse            ||     8
